 Dungeon Crawl Stone Soup version 0.19.1 (webtiles) character file.

46797 MirrMurr the Bludgeoner (level 14, -11/91 HPs)
             Began as a Gargoyle Gladiator on Dec 26, 2016.
             Was an Elder of Ru.
             Shot with an arrow by a deep elf archer (15 damage)
             ... on level 1 of the Elven Halls.
             The game lasted 00:51:27 (21195 turns).

MirrMurr the Bludgeoner (Gargoyle Gladiator)       Turns: 21195, Time: 00:51:28

Health: -11/91     AC: 28    Str: 26    XL:     14   Next: 39%
Magic:  14/14      EV:  6    Int:  9    God:    Ru [****..]
Gold:   1889       SH: 12    Dex: 12    Spells: 0 memorised, 13 levels left

rFire  . . .     SeeInvis .     a - +0 flail (venom)
rCold  . . .     Gourm    .     d - +0 plate armour
rNeg   + . .     Faith    .     v - +0 shield
rPois  ∞         Spirit   .     (helmet restricted)
rElec  +         Reflect  .     m - +1 cloak
rCorr  .         Harm     .     (no gloves)
MR     +....                    Q - +0 pair of boots
Stlth  ..........               (no amulet)
                                C - +3 ring of slaying
                                x - +4 ring of strength

@: exhausted, flying, drained
A: big wings, horns 1, negative energy resistance 1, electricity resistance,
unbreathing, petrification resistance, rot immunity, inability to use devices,
no hexes magic, no ice magic, no summoning magic, reduced EV 1, AC +9
a: Stop Flying, Draw Out Power, Power Leap, Renounce Religion


You were on level 1 of the Elven Halls.
You worshipped Ru.
Ru was greatly pleased with you.
You were not hungry.

You visited 5 branches of the dungeon, and saw 20 of its levels.
You also visited: Ice Cave and Volcano.

You collected 1889 gold pieces.

Inventory:

Hand Weapons
 a - a +0 flail of venom (weapon)
 b - a +0 blowgun
Missiles
 j - 869 stones
 o - 5 curare-tipped needles
 p - 78 poisoned needles
 w - 6 needles of frenzy
 B - 23 tomahawks
 H - 5 javelins (quivered)
 L - 3 poisoned tomahawks
Armour
 d - a +0 plate armour (worn)
 m - a +1 cloak (worn)
 v - a +0 shield (worn)
 Q - a +0 pair of boots (worn)
Jewellery
 c - an uncursed ring of protection from cold
 x - a +4 ring of strength (left hand)
 C - a +3 ring of slaying (right hand)
Scrolls
 h - 4 scrolls of magic mapping
 i - 9 scrolls of identify
 k - 2 scrolls of enchant weapon
 r - 10 scrolls of remove curse
 y - 5 scrolls of enchant armour
 A - 2 scrolls of fear
 D - a scroll of fog
 O - a scroll of blinking
 P - a scroll of teleportation
Potions
 e - 2 potions of haste
 g - 4 potions of agility
 n - 9 potions of curing
 q - 3 potions of cancellation
 s - 2 potions of magic
 u - 3 potions of brilliance
 G - 2 potions of cure mutation
Books
 l - the Guide on Necromancy
   (You found it on level 10 of the Dungeon)

   Spells                             Type                      Level
   a - Sublimation of Blood           Necromancy                   2
   b - Agony                          Necromancy                   5
   c - Dispel Undead                  Necromancy                   5
 F - a book of Minor Magic

   Spells                             Type                      Level
   a - Magic Dart                     Conjuration                  1
   b - Blink                          Translocation                2
   c - Call Imp                       Summoning                    2
   d - Repel Missiles                 Charms/Air                   2
   e - Slow                           Hexes                        2
   f - Conjure Flame                  Conjuration/Fire             3
   g - Mephitic Cloud                 Conjuration/Poison/Air       3
 I - a book of Necromancy

   Spells                             Type                      Level
   a - Pain                           Necromancy                   1
   b - Animate Skeleton               Necromancy                   1
   c - Vampiric Draining              Necromancy                   3
   d - Regeneration                   Charms/Necromancy            3
   e - Animate Dead                   Necromancy                   4
   f - Control Undead                 Necromancy                   4
 J - a book of Geomancy

   Spells                             Type                      Level
   a - Sandblast                      Earth                        1
   b - Passwall                       Transmutation/Earth          2
   c - Stone Arrow                    Conjuration/Earth            3
   d - Petrify                        Transmutation/Earth          4
   e - Lee's Rapid Deconstruction     Earth                        5
Comestibles
 f - 10 bread rations
 t - 9 meat rations
 z - 4 beef jerkies
 E - 21 chunks of flesh
 K - 4 slices of pizza
 M - 32 fruits


   Skills:
 + Level 11.7 Fighting
 * Level 15.9 Maces & Flails
 + Level 2.1 Throwing
 + Level 11.5 Armour
 + Level 6.1 Dodging
 + Level 9.3 Shields


You had 13 spell levels left.
You didn't know any spells.

Dungeon Overview and Level Annotations

Branches:
Dungeon (10/15)            Temple (1/1) D:5            Lair (6/6) D:10
 Shoals (0/4) Lair:4       Spider (0/4) Lair:2        Slime (0/5) Lair:5
    Orc (2/2) D:9             Elf (1/3) Orc:2

Altars:
Ashenzari
Cheibriados
Elyvilon
Kikubaaqudgha
Okawaru
Qazlal
Ru
Sif Muna
Vehumet
Xom
Yredelemnul
The Shining One
Jiyva

Shops:
D:7 ?[*!%   D:10 !

Annotations:
D:7 food
Lair:5 1 runed door
Lair:6 exclusion: door


Innate Abilities, Weirdness & Mutations

You are resistant to torment.
Your stone body is resilient. (AC +9)
You are immune to poison.
Your large and strong wings let you fly indefinitely.
You resist negative energy. (rN+)
You are resistant to electric shocks. (rElec)
You can survive without breathing.
You are immune to petrification.
You are immune to rotting.
You cannot study or use magical devices.
You cannot study or cast Hexes magic.
You cannot study or cast Ice magic.
You cannot study or cast Summoning magic.
You have somewhat slow reflexes. (EV -3)
You have a pair of small horns on your head.


Message History

The deep elf archer unwields an uncursed dagger.
The deep elf archer wields an uncursed shortbow.
The deep elf archer shoots an arrow.
The arrow hits you but does no damage.
You hear a splash.
The deep elf mage hits you but does no damage.
You completely miss the deep elf mage.
The deep elf mage is severely wounded.
The deep elf mage hits you but does no damage.
You thump the deep elf mage!
The deep elf mage looks as sick as possible!
The deep elf mage is almost dead.
You block the deep elf mage's attack.
You redirect the deep elf knight's attack!
You sock the deep elf mage!
The deep elf mage is poisoned.
The deep elf mage is moderately wounded.
You kill the deep elf mage!
You hear a splash.
The battlesphere dissipates.
You block the deep elf mage's attack.
The deep elf archer shoots an arrow.
The arrow hits you!
You die...

#######
##.....##
##...<...##
#.........#
#.........#
#..≈≈e≈≈..#
#≈≈)@e≈≈≈≈#
#≈≈e≈)≈≈≈≈#
#≈≈≈≈§≈≈≈≈#
#..≈≈≈s≈..#
...........#
...e...e#####
..........
..........


You could see 2 deep elf archers, a deep elf knight, an orb spider and 2 deep
elf magi.

Vanquished Creatures
  3 hydras
  Erica (Lair:2)
  3 death yaks (Lair:5)
  2 orc high priests
  A lindwurm (Lair:6)
  2 orc knights (Orc:1)
  Pikel (D:5)
  A wizard (Lair:6)
  4 deep elf magi (Elf:1)
  An ugly thing (IceCv)
  4 elephants (Lair:5)
  4 black mambas
  12 spiny frogs
  6 rime drakes
  9 komodo dragons
  2 polar bears (Lair:6)
  A hornet (D:9)
  2 trolls (D:10)
  Prince Ribbit (Lair:2)
  8 hippogriffs
  12 blink frogs
  Sigmund (D:2)
  A spriggan (D:7)
  30 yaks
  An air elemental (Elf:1)
  A wyvern (Lair:4)
  8 fire bats (Volcano)
  3 basilisks
  Eustachio (D:5)
  A hungry ghost (D:8)
  4 wargs
  The ghost of ohados the Slasher, an amateur GrBe of Trog (D:4)
  10 water moccasins
  Edmund (D:6)
  A mottled dragon (D:10)
  Duvessa (D:7)
  9 ice beasts
  3 sky beasts
  5 porcupines
  32 orc warriors
  2 black bears
  A necrophage (D:6)
  4 ogres
  2 eyes of draining
  28 wolves
  5 centaurs
  2 big kobolds
  12 crocodiles
  Blork the orc (D:5)
  A wyvern zombie (D:10)
  14 bullfrogs
  Dowan (D:7)
  A wyvern skeleton (D:10)
  5 scorpions
  6 killer bees (D:8)
  5 wights (D:8)
  2 electric eels
  2 howler monkeys
  2 crimson imps (D:8)
  6 lava snakes (Volcano)
  A bullfrog zombie (D:5)
  5 hounds
  24 orc priests
  Crazy Yiuf (D:4)
  A gnoll shaman (D:8)
  3 iguanas
  20 orc wizards
  A bullfrog skeleton (D:8)
  4 hell rats (Lair:5)
  6 worker ants
  A killer bee zombie (D:5)
  A worker ant zombie (D:8)
  19 gnolls
  12 adders
  3 shadow imps
  12 white imps (Lair:4)
  An adder skeleton (D:4)
  An adder zombie (D:9)
  4 dart slugs
  7 leopard geckos
  94 orcs
  6 bats
  3 giant cockroaches
  11 goblins
  5 hobgoblins (D:1)
  4 jackals (D:10)
  6 quokkas
  A ball python (D:6)
  6 frilled lizards
  14 kobolds
  9 rats
582 creatures vanquished.

Vanquished Creatures (others)
  An orc knight (Orc:1)
  A wolf (Lair:2)
  An orc wizard (Orc:1)
  A howler monkey skeleton (D:5)
  An adder (D:5)
  A leopard gecko (D:5)
  A giant cockroach (D:5)
  A kobold (D:8)
  A butterfly (Lair:2)
  9 fungi
  4 plants (Lair:6)
22 creatures vanquished.

Grand Total: 604 creatures vanquished

Notes
Turn   | Place    | Note
-------+----------+-------------------------------------------
     0 | D:1      | MirrMurr the Gargoyle Gladiator began the quest for the Orb.
     0 | D:1      | Reached XP level 1. HP: 12/12 MP: 1/1
   118 | D:1      | Reached XP level 2. HP: 6/17 MP: 2/2
   693 | D:1      | Reached XP level 3. HP: 21/21 MP: 3/3
  1038 | D:2      | Noticed Sigmund
  1191 | D:2      | Reached skill level 4 in Maces & Flails
  1196 | D:2      | Killed Sigmund
  1196 | D:2      | Reached skill level 5 in Maces & Flails
  1196 | D:2      | Reached skill level 1 in Armour
  1196 | D:2      | Reached XP level 4. HP: 8/27 MP: 1/4
  1196 | D:2      | Reached XP level 5. HP: 10/32 MP: 1/5
  1609 | D:2      | Reached XP level 6. HP: 36/36 MP: 6/6
  1963 | D:3      | Reached skill level 6 in Maces & Flails
  2848 | D:4      | Noticed ohados's ghost (amateur GrBe)
  2870 | D:4      | Killed ohados's ghost
  2870 | D:4      | Reached XP level 7. HP: 22/41 MP: 7/7
  2893 | D:4      | Reached skill level 7 in Maces & Flails
  3334 | D:4      | Found a runed door.
  3716 | D:4      | Found a deep blue altar of Sif Muna.
  3827 | D:4      | Noticed Crazy Yiuf
  3833 | D:4      | Killed Crazy Yiuf
  3878 | D:5      | Entered Level 5 of the Dungeon
  3904 | D:5      | Noticed Blork the orc
  3921 | D:5      | Killed Blork the orc
  3939 | D:5      | Found a staircase to the Ecumenical Temple.
  3947 | D:5      | Noticed Pikel
  4041 | D:5      | Killed Pikel
  4041 | D:5      | Reached skill level 8 in Maces & Flails
  4041 | D:5      | Reached XP level 8. HP: 31/48 MP: 8/8
  4081 | Temple   | Entered the Ecumenical Temple
  4132 | Temple   | Became a worshipper of Ru the Awakened
  4546 | D:5      | Noticed Eustachio
  4560 | D:5      | Killed Eustachio
  4560 | D:5      | Reached skill level 9 in Maces & Flails
  4786 | D:6      | Reached XP level 9. HP: 43/53 MP: 9/9
  4801 | D:6      | Noticed Edmund
  4817 | D:6      | Killed Edmund
  4826 | D:6      | Reached skill level 5 in Fighting
  5346 | D:6      | Gained mutation: You cannot study or use magical devices. [Ru sacrifice]
  5346 | D:6      | Reached * piety under Ru
  5346 | D:6      | Reached ** piety under Ru
  5346 | D:6      | Reached *** piety under Ru
  5544 | D:6      | Reached skill level 10 in Maces & Flails
  6032 | D:7      | Found Kueskin's Food Shop.
  6109 | D:7      | Found Huadas's Assorted Antiques.
  6199 | D:7      | Found Muwket's Distillery.
  6391 | D:7      | Found Umpocupp's Magic Scroll Boutique.
  6399 | D:7      | Noticed Duvessa
  6399 | D:7      | Noticed Dowan
  6422 | D:7      | Killed Duvessa
  6426 | D:7      | Killed Dowan
  6426 | D:7      | Reached skill level 5 in Armour
  6461 | D:7      | Found Difrehaf's Armour Boutique.
  6910 | D:8      | Reached skill level 11 in Maces & Flails
  7066 | D:8      | Reached XP level 10. HP: 60/60 MP: 10/10
  7834 | D:9      | Found a staircase to the Orcish Mines.
  7907 | D:9      | Reached skill level 12 in Maces & Flails
  8282 | D:10     | Entered Level 10 of the Dungeon
  8652 | D:10     | Reached skill level 5 in Dodging
  8734 | D:10     | Found a staircase to the Lair.
  9141 | D:10     | Identified the Guide on Necromancy
  9337 | D:10     | Found Datadgh's Distillery.
  9506 | Lair:1   | Entered Level 1 of the Lair of Beasts
  9554 | Lair:1   | Reached XP level 11. HP: 21/67 MP: 11/11
 10054 | Lair:1   | Reached skill level 13 in Maces & Flails
 10739 | Lair:2   | Found a hole to the Spider Nest.
 11069 | Lair:2   | Found a dark tunnel.
 11072 | Lair:2   | Noticed Prince Ribbit
 11145 | Lair:2   | Killed Prince Ribbit
 11210 | Volcano  | Entered a volcano
 12294 | Lair:2   | Noticed Erica
 12320 | Lair:2   | Killed Erica
 12320 | Lair:2   | Reached XP level 12. HP: 44/76 MP: 12/12
 12701 | Lair:2   | Gained mutation: You cannot study or cast Ice magic. [Ru sacrifice]
 12701 | Lair:2   | Gained mutation: You cannot study or cast Hexes magic. [Ru sacrifice]
 12701 | Lair:2   | Gained mutation: You cannot study or cast Summoning magic. [Ru sacrifice]
 12701 | Lair:2   | Reached **** piety under Ru
 12925 | Lair:3   | Reached skill level 1 in Shields
 12952 | Lair:3   | Noticed a four-headed hydra
 12975 | Lair:3   | Killed a four-headed hydra
 12975 | Lair:3   | Reached skill level 14 in Maces & Flails
 14044 | Lair:4   | Found a staircase to the Shoals.
 14410 | Lair:4   | Found a frozen archway.
 14490 | IceCv    | Entered an ice cave
 14964 | Lair:5   | Gained mutation: You have a pair of small horns on your head. [potion of beneficial mutation]
 15040 | Lair:5   | Found a runed door.
 15040 | Lair:5   | Found a viscous altar of Jiyva.
 15209 | Lair:5   | Reached skill level 10 in Armour
 15300 | Lair:5   | Noticed a death yak
 15300 | Lair:5   | Noticed a death yak
 15300 | Lair:5   | Noticed a death yak
 15314 | Lair:5   | Found a staircase to the Slime Pits.
 15372 | Lair:5   | Killed a death yak
 15396 | Lair:5   | Killed a death yak
 15410 | Lair:5   | Killed a death yak
 15410 | Lair:5   | Reached skill level 5 in Shields
 15759 | Lair:5   | Reached skill level 10 in Fighting
 15865 | Lair:5   | Reached XP level 13. HP: 66/82 MP: 13/13
 16518 | Lair:6   | Entered Level 6 of the Lair of Beasts
 16591 | Lair:6   | Reached skill level 15 in Maces & Flails
 18076 | Orc:1    | Entered Level 1 of the Orcish Mines
 18081 | Orc:1    | Gained mutation: Your large and strong wings let you fly indefinitely. [Gargoyle growth]
 18081 | Orc:1    | Reached XP level 14. HP: 90/90 MP: 14/14
 19163 | Orc:2    | Entered Level 2 of the Orcish Mines
 19307 | Orc:2    | Found a staircase to the Elven Halls.
 20310 | Orc:1    | Gained mutation: You have somewhat slow reflexes. (EV -3) [Ru sacrifice]
 21168 | Elf:1    | Entered Level 1 of the Elven Halls
 21179 | Elf:1    | HP: 3/91 [air elemental (4)]
 21188 | Elf:1    | HP: 2/91 [deep elf mage/shard of ice (7)]
 21195 | Elf:1    | Shot with an arrow by a deep elf archer

Skill      XL: |  1  2  3  4  5  6  7  8  9 10 11 12 13 14 |
---------------+-------------------------------------------+-----
Maces & Flails | 5 6 8 9 11 12 13 14 15 | 15.9
Armour         | 1 3 4 5 6 8 10 11 | 11.5
Fighting       | 3 4 5 7 9 10 11 | 11.7
Throwing       | 2 |  2.1
Dodging        | 3 4 5 6 |  6.1
Shields        | 5 8 9 |  9.3

Action                   |  1- 3 |  4- 6 |  7- 9 | 10-12 | 13-15 || total
-------------------------+-------+-------+-------+-------+-------++-------
Melee: Flail             |    98 |    82 |       |   171 |   936 ||  1287
       Whip              |       |    67 |   473 |  1218 |       ||  1758
       Headbutt          |       |       |       |    55 |   264 ||   319
 Fire: Blowgun           |       |       |       |     2 |       ||     2
Throw: Throwing net      |     1 |     2 |     2 |       |       ||     5
       Stone             |       |     1 |       |       |       ||     1
Invok: Sacrifice Artific |       |       |     1 |       |       ||     1
       Reject Sacrifices |       |       |       |     1 |     1 ||     2
       Sacrifice Arcana  |       |       |       |     1 |       ||     1
       Draw Out Power    |       |       |       |       |     1 ||     1
       Sacrifice Health  |       |       |       |       |     1 ||     1
 Abil: Fly               |       |       |       |       |     1 ||     1
  Use: Scroll            |     2 |     5 |    14 |     6 |     2 ||    29
       Potion            |       |       |       |     7 |     4 ||    11
 Stab: Held in net/web   |       |       |     2 |       |       ||     2
       Distracted        |       |       |       |     7 |     6 ||    13
       Invisible         |       |       |       |     6 |     1 ||     7
       Petrified         |       |       |       |     3 |       ||     3
  Eat: Chunk             |     1 |     5 |    14 |    22 |    18 ||    60
       Bread ration      |       |       |       |     3 |       ||     3
       Royal jelly       |       |       |       |     1 |       ||     1
Armor: Leather armour    |     9 |       |       |       |       ||     9
       Ring mail         |    59 |    70 |   163 |   148 |       ||   440
       Plate armour      |       |       |       |   479 |   362 ||   841
Dodge: Dodged            |    70 |    73 |    94 |   259 |   223 ||   719
Block: Shield            |       |    17 |   126 |   377 |   441 ||   961
